 Dungeon Crawl Stone Soup version 0.19.5 (webtiles) character file.

61 strmesko the Magician (level 3, -1/24 HPs)
             Began as a Mummy Wizard on Apr 4, 2017.
             Slain by an orc priest
             ... wielding a +0 mace
              (4 damage)
             ... on level 4 of the Dungeon.
             The game lasted 00:10:51 (1981 turns).

strmesko the Magician (Mummy Wizard)                Turns: 1981, Time: 00:10:52

Health: -1/24      AC:  2    Str: 10    XL:     3   Next: 83%
Magic:  0/7        EV: 12    Int: 18    God:
Gold:   125        SH:  0    Dex: 10    Spells: 4 memorised, 1 level left

rFire  x . .     SeeInvis .     i - +0 dagger
rCold  + . .     Gourm    .     a - +0 robe
rNeg   + + +     Faith    .     (no shield)
rPois  ∞         Spirit   .     b - +0 hat
rElec  .         Reflect  .     (no cloak)
rCorr  .         Harm     .     (no gloves)
MR     .....                    (no boots)
Stlth  ++........               l - amulet of regeneration
                                (no ring)
                                (no ring)

@: no status effects
A: no food or potions, fire vulnerability, cold resistance 1, negative energy
resistance 3, torment resistance, unbreathing
a: no special abilities


You were on level 4 of the Dungeon.
You were not hungry.

You visited 1 branch of the dungeon, and saw 3 of its levels.

You collected 125 gold pieces.

Inventory:

Hand Weapons
 i - a +0 dagger (weapon)
Armour
 a - a +0 robe (worn)
 b - a +0 hat (worn)
 f - a +2 shield
Jewellery
 g - a +2 amulet of reflection
 l - an amulet of regeneration (around neck)
Scrolls
 d - a scroll of amnesia {unknown}
 e - a scroll of noise {unknown}
 h - a scroll of fog {unknown}
 j - a scroll of enchant weapon {unknown}
 k - a scroll of remove curse {unknown}
Books
 c - a book of Minor Magic

   Spells                             Type                      Level
   a - Magic Dart                     Conjuration                  1
   b - Blink                          Translocation                2
   c - Call Imp                       Summoning                    2
   d - Repel Missiles                 Charms/Air                   2
   e - Slow                           Hexes                        2
   f - Conjure Flame                  Conjuration/Fire             3
   g - Mephitic Cloud                 Conjuration/Poison/Air       3


   Skills:
 - Level 1.5 Dodging
 - Level 1.5 Stealth
 + Level 3.3 Spellcasting
 - Level 2.7 Conjurations
   Level 0.7 Summonings
 + Level 0.7 Translocations


You had one spell level left.
You knew the following spells:

 Your Spells              Type           Power        Failure   Level  Hunger
a - Magic Dart            Conj           ##..         6%          1    N/A
b - Blink                 Tloc           N/A          17%         2    N/A
c - Slow                  Hex            #.......     28%         2    N/A
d - Repel Missiles        Chrm/Air       #.....       28%         2    N/A

Dungeon Overview and Level Annotations

Branches:
Dungeon (2/15)

Altars:


Innate Abilities, Weirdness & Mutations

You do not eat or drink.
Your flesh is vulnerable to fire.
You are immune to poison.
Your flesh is cold resistant. (rC+)
You are immune to negative energy. (rN+++)
You are immune to unholy pain and torment.
You can survive without breathing.


Message History

The orc priest is lightly wounded.
The orc priest miscasts a cantrip.
You barely miss the orc priest.
The orc priest is lightly wounded.
The orc priest miscasts a cantrip.
You barely miss the orc priest.
The orc priest is lightly wounded.
The orc priest hits you with a mace!
* * * LOW HITPOINT WARNING * * *
You barely miss the orc priest.
The orc priest is lightly wounded.
Casting: Magic Dart
Confirm with . or Enter, or press ? or * to list all spells.
Aiming: Magic Dart
Press: ? - help, Shift-Dir - straight line, f/p - orc priest
Aim: an orc priest, wielding a mace and wearing a leather armour (lightly wounded)
The magic dart hits the orc priest.
The orc priest is heavily wounded.
The orc priest hits you with a mace.
You die...

###................#.........
#.......##.##...........%..
#..........................
##.#.........#......#......
#.#.........#......# ..)..
..........o#......#. ....
...##.##............ ... .
#.######......#.. ..
#.....@o.......... .
...#############...


You could see an orc priest.

Vanquished Creatures
  An ooze (D:1)
  2 dart slugs (D:1)
  2 leopard geckos (D:1)
  3 orcs (D:4)
  A ball python (D:1)
  2 giant cockroaches (D:1)
  9 goblins
  6 hobgoblins (D:1)
  6 jackals
  2 bats
  A frilled lizard (D:1)
  A jackal skeleton (D:4)
  A kobold (D:2)
  9 rats
46 creatures vanquished.

Notes
Turn   | Place    | Note
-------+----------+-------------------------------------------
     0 | D:1      | strmesko the Mummy Wizard began the quest for the Orb.
     0 | D:1      | Reached XP level 1. HP: 13/13 MP: 4/4
    36 | D:1      | Reached skill level 1 in Conjurations
   276 | D:1      | Reached XP level 2. HP: 19/19 MP: 1/6
   924 | D:1      | Learned a level 2 spell: Blink
   927 | D:1      | Learned a level 2 spell: Slow
   945 | D:1      | Reached XP level 3. HP: 24/24 MP: 3/7
   949 | D:1      | Learned a level 2 spell: Repel Missiles
  1799 | D:2      | You fall through a shaft for 2 floors!
  1981 | D:4      | Slain by an orc priest

Skill      XL: |  1  2 |
---------------+-------+-----
Conjurations   | 1 2 |  2.7
Dodging        | |  1.5
Stealth        | |  1.5
Spellcasting   | |  3.3
Summonings     | |  0.7
Translocations | |  0.7

Action                   || total
-------------------------++-------
Melee: Club              ||    23
       Unarmed           ||     1
       Dagger            ||    36
 Cast: Magic Dart        ||   109
 Stab: Sleeping          ||     2
       Distracted        ||     1
Armor: Robe              ||    14
Dodge: Dodged            ||    47
Block: Other             ||     7
